 Dungeon Sprint DCSS version 0.27-a0-1193-g8631133539 (webtiles) character file.

Game seed: 17355552980540650798

2406 rocky1 the Earth Mage (level 9, -3/45 HPs)
             Began as a Gargoyle Earth Elementalist on May 26, 2021.
             Was a High Priest of Sif Muna.
             Shot with an arrow by a centaur warrior (25 damage)
             ... in the Dungeon (Sprint III: "The Ten Rune Challenge").
             The game lasted 00:09:13 (1670 turns).

rocky1 the Earth Mage (Gargoyle Earth Elementalist) Turns: 1670, Time: 00:09:14

Health: -3/45      AC:  9    Str: 12    XL:     9   Next: 47%
Magic:  20/25      EV: 11    Int: 19    God:    Sif Muna [*****.]
Gold:   2712       SH:  0    Dex: 10    Spells: 19/32 levels left

rFire    . . .     SeeInvis .   q - +0 flail
rCold    . . .     Faith    .   (no shield)
rNeg     + . .     Spirit   .   c - +0 robe
rPois    ∞         Reflect  .   (no helmet)
rElec    +         Harm     .   f - +0 cloak
rCorr    .         Rampage  .   (no gloves)
Will     .....     NoTele   +   (no boots)
Stlth    ++........             (no amulet)
HPRegen  0.15/turn              (no ring)
MPRegen  0.19/turn              (no ring)

@: no status effects
A: sickness immunity, AC +6, negative energy resistance 1, electricity
resistance, torment resistance 1, petrification resistance
a: Renounce Religion, Channel Magic, Forget Spell, Divine Exegesis


You were in the Dungeon.
You worshipped Sif Muna.
Sif Muna was extremely pleased with you.
You visited 1 branch You collected 2992 gold pieces.
You spent 280 gold pieces at shops.

Inventory:

Hand Weapons
 j - a +0 club
 q - a +0 flail (weapon)
Missiles
 b - 2 stones
Armour
 c - a +0 robe (worn)
 f - a +0 cloak (worn)
Scrolls
 a - a scroll of vulnerability {unknown}
 i - a scroll of blinking
 l - 2 scrolls of holy word {unknown}
 m - 3 scrolls of identify
 r - a scroll of brand weapon
Potions
 d - 2 potions of curing
 e - a potion of heal wounds
 g - 2 potions of magic
 h - 2 potions of berserk rage
 k - 3 potions of mutation {unknown}
 n - a potion of brilliance {unknown}
 o - a potion of flight {unknown}
 p - a potion of might


   Skills:
 + Level 0.0 Fighting
 + Level 1.5 Dodging
 - Level 2.1 Stealth
 + Level 12.3 Spellcasting
 - Level 0.7 Transmutations
 + Level 16.7 Earth Magic
 + Level 8.0 Invocations


You had 19 spell levels left.
You knew the following spells:

 Your Spells              Type           Power      Damage    Failure   Level
a - Sandblast             Erth           100%       2d20      0%          1
b - Stone Arrow           Conj/Erth      86%        3d12      1%          3
c - Lee's Rapid Deconstr  Erth           33%        3d18*     1%          5
d - Petrify               Tmut/Erth      44%        N/A       1%          4

Your spell library contained the following spells:

 Spells                   Type           Power      Damage    Failure   Level
 Passwall                 Tmut/Erth      36%        N/A       1%          2
 Bolt of Magma            Conj/Fire/Erth 16%        4d9       17%         5
 Confusing Touch          Hex            11%        N/A       19%         3
 Conjure Flame            Conj/Fire      11%        6-21      19%         3
 Gell's Gravitas          Tloc           5%         N/A       19%         3
 Iron Shot                Conj/Erth      21%        9d5       28%         6
 Yara's Violent Unravell  Hex/Tmut       6%         3d5       80%         5
 Iskenderun's Battlesphe  Conj           11%        2d7       86%         5
 Metabolic Englaciation   Hex/Ice        5%         N/A       86%         5
 Freezing Cloud           Conj/Ice/Air   5%         6-21      100%        6
 Simulacrum               Ice/Necr       5%         N/A       100%        6
 Spellforged Servitor     Conj/Summ      5%         N/A       100%        7


Dungeon Overview and Level Annotations

Branches:
Dungeon (1/1)

Altars:
Cheibriados
Dithmenos
Elyvilon
Fedhas
Kikubaaqudgha
Makhleb
Okawaru
Qazlal
Ru
Sif Muna
Trog
Uskayaw
Vehumet
Wu Jian
Xom
Yredelemnul
Zin
The Shining One
Beogh

Shops:
D ?


Innate Abilities, Weirdness & Mutations

You are immune to sickness and miasma.
Your stone body is resilient. (AC +6)
You are immune to poison.
You resist negative energy. (rN+)
You are resistant to electric shocks. (rElec)
You are resistant to unholy torment.
You are immune to petrification.


Message History

Sif Muna accepts your kill.
Your Invocations skill increases to level 8!
There is an open door here.
Things that are here:
a +1 scimitar of flaming; a +0 robe; the human skeleton of Erica
Things that are here:
a +0 long sword; a +0 plate armour You enter the shallow water.
Moving in this stuff is going to be slow.
There is an open door here.
You start resting.
Magic restored.
You open the door.
Unknown command. 2 centaurs and a centaur warrior come into view.
The centaur wields a +0 shortbow.
The centaur shoots an arrow.
The arrow hits you!
The centaur warrior shouts!
There is an open door here.
Unknown command.
Casting: Lee's Rapid Deconstruction (dangerous; 1% risk of failure)
Confirm with . or Enter, or press ? or * to list all spells.
You don't know that spell.
Unknown command.
You hear a shout!
Casting: Lee's Rapid Deconstruction (dangerous; 1% risk of failure)
Confirm with . or Enter, or press ? or * to list all spells.
Aiming: Lee's Rapid Deconstruction (dangerous; 1% risk of failure)
Press: ? - help, Dir - move target A stone wall.
The wall shatters!
Sif Muna accepts your kill.
You feel a bit more experienced.
The blast of rock fragments hits the centaur warrior!
The centaur warrior is moderately wounded.
The centaur warrior wields a +0 longbow.
The centaur warrior shoots an arrow.
The arrow hits you!
The centaur warrior shoots an arrow.
The arrow hits you!!
Ouch! That really hurt!
You die...

#'###'##........#.#
.......#..........#
.......#)))##.....#
######.#)##.##....# #
#...#÷############# #
#...#).§≈§'.#.c...+ #_
#...#)#≈§§#.#.#...#
#__#...'.#.§.#.#.#...#
#__'...#.#§..#..@#cc.#
▓▓▓▓▓▓▓▓▓▓▓▓▓▓▓▓▓▓▓▓▓#


You could see a centaur warrior.

Vanquished Creatures
  Erica (D)
  A deep elf pyromancer (D)
  A shadow (D)
  A spatial vortex (D)
  3 orc warriors (D)
  A necrophage (D)
  A centaur (D)
  An earth elemental (D)
  A water elemental (D)
  A jelly (D)
  2 orc priests (D)
  Crazy Yiuf (D)
  Jessica (D)
  A wizard (D)
  2 orc wizards (D)
  A necromancer (D)
  3 humans (D)
  A kobold demonologist (D)
  11 orcs (D)
  2 endoplasms (D)
37 creatures vanquished.

Vanquished Creatures (others)
  A plant (D)
1 creature vanquished.

Grand Total: 38 creatures vanquished

Notes
Turn   | Place    | Note
-------+----------+-------------------------------------------
     0 | D        | rocky1 the Gargoyle Earth Elementalist began the quest for
                  | the Orb.
     0 | D        | Reached XP level 1. HP: 10/10 MP: 3/3
    11 | D        | Reached skill level 4 in Earth Magic
    19 | D        | Reached skill level 5 in Earth Magic
    37 | D        | Noticed Jessica
    40 | D        | Killed Jessica
    41 | D        | Reached skill level 8 in Earth Magic
    41 | D        | Reached XP level 2. HP: 15/15 MP: 3/5
    41 | D        | Reached XP level 3. HP: 19/19 MP: 3/6
   517 | D        | Learned a level 3 spell: Stone Arrow
   521 | D        | Noticed Crazy Yiuf
   523 | D        | Killed Crazy Yiuf
   524 | D        | Reached skill level 9 in Earth Magic
   524 | D        | Reached XP level 4. HP: 24/24 MP: 5/9
   559 | D        | Noticed a water elemental
   564 | D        | Killed a water elemental
   565 | D        | Reached skill level 5 in Spellcasting
   565 | D        | Reached skill level 10 in Earth Magic
   565 | D        | Reached XP level 5. HP: 14/28 MP: 4/12
   725 | D        | Learned a level 5 spell: Lee's Rapid Deconstruction
   730 | D        | Learned a level 4 spell: Petrify
   737 | D        | Found a radiant altar of Vehumet.
   737 | D        | Found a shimmering blue altar of Sif Muna.
   737 | D        | Found an ancient bone altar of Kikubaaqudgha.
   742 | D        | Reached skill level 11 in Earth Magic
   748 | D        | Became a worshipper of Sif Muna the Loreminder
   786 | D        | Noticed a shadow
   790 | D        | Killed a shadow
   791 | D        | Reached skill level 12 in Earth Magic
   791 | D        | Reached XP level 6. HP: 9/32 MP: 3/17
  1018 | D        | Found a blossoming altar of Fedhas.
  1018 | D        | Found a stormy altar of Qazlal.
  1018 | D        | Found a snail-covered altar of Cheibriados.
  1018 | D        | Found a burning altar of Makhleb.
  1018 | D        | Found a shimmering altar of Xom.
  1018 | D        | Noticed a spatial vortex
  1021 | D        | Killed a spatial vortex
  1021 | D        | Reached * piety under Sif Muna
  1022 | D        | Reached skill level 13 in Earth Magic
  1022 | D        | Reached XP level 7. HP: 36/36 MP: 14/19
  1061 | D        | Found a basalt altar of Yredelemnul.
  1061 | D        | Found a shadowy altar of Dithmenos.
  1061 | D        | Found a sacrificial altar of Ru.
  1079 | D        | Found a hide-covered altar of Uskayaw.
  1079 | D        | Found an iron altar of Okawaru.
  1079 | D        | Found a bloodstained altar of Trog.
  1079 | D        | Found an ornate altar of the Wu Jian Council.
  1079 | D        | Noticed a human
  1079 | D        | Noticed a human
  1081 | D        | Killed a human
  1081 | D        | Reached ** piety under Sif Muna
  1082 | D        | Reached skill level 10 in Spellcasting
  1082 | D        | Reached skill level 14 in Earth Magic
  1083 | D        | Killed a human
  1084 | D        | Reached XP level 8. HP: 41/41 MP: 0/22
  1214 | D        | Found a glowing silver altar of Zin.
  1214 | D        | Found a glowing golden altar of the Shining One.
  1214 | D        | Found a white marble altar of Elyvilon.
  1214 | D        | Noticed a deep elf pyromancer
  1216 | D        | Killed a deep elf pyromancer
  1217 | D        | Reached skill level 15 in Earth Magic
  1292 | D        | Noticed Erica
  1299 | D        | Killed Erica
  1300 | D        | Reached skill level 16 in Earth Magic
  1300 | D        | Reached XP level 9. HP: 45/45 MP: 6/24
  1412 | D        | Reached *** piety under Sif Muna
  1416 | D        | Reached **** piety under Sif Muna
  1419 | D        | Reached ***** piety under Sif Muna
  1419 | D        | Identified Edamaom's Incunabulum of Icy Attacks (Sif Muna
                  | gifted it to you in the Dungeon)
  1419 | D        | Received a gift from Sif Muna
  1452 | D        | Found Ycosystra's Magic Scroll Shoppe.
  1563 | D        | Bought a scroll of brand weapon for 280 gold pieces
  1666 | D        | Noticed a centaur warrior
  1670 | D        | Shot with an arrow by a centaur warrior

Illustrated notes

Levels and vault maps discovered:
D:        dungeon_sprint_mu [sprint_mu_entry_cave, sprint_mu_temple_rooms,
          sprint_mu_d1_horrors, sprint_mu_d2_genie, sprint_mu_d3_branching,
          sprint_mu_orc_legion, sprint_mu_elf_gauntlet, sprint_mu_hive_nellie,
          sprint_mu_lair_fedhas, sprint_mu_vaults_butterflies,
          sprint_mu_slime_circle, sprint_mu_swamp_cave, sprint_mu_snake_twists,
          sprint_mu_blade_basic, sprint_mu_crypt_chambers,
          sprint_mu_tomb_spiral, sprint_mu_vestibule_basic,
          sprint_mu_gehenna_hellfire, sprint_mu_dis_giant,
          sprint_mu_tartarus_statrot, sprint_mu_cocytus_islands, sprint_mu_zot1]

Skill      XL: |  1  2  3  4  5  6  7  8  9 |
---------------+----------------------------+-----
Earth Magic    | 8 9 10 12 13 14 16 | 16.7
Spellcasting   | 3 5 8 9 10 11 12 | 12.3
Invocations    | 6 8 |  8.0
Dodging        | |  1.5
Stealth        | |  2.1
Transmutations | |  0.7

Action                   |  1- 3 |  4- 6 |  7- 9 || total
-------------------------+-------+-------+-------++-------
Melee: Unarmed           |     8 |       |       ||     8
       Club              |    13 |       |       ||    13
 Cast: Sandblast         |    10 |    14 |     4 ||    28
       Lee's Rapid Decon |       |     2 |    23 ||    25
       Stone Arrow       |       |       |     1 ||     1
Invok: Channel Magic     |       |       |     2 ||     2
  Use: Potion            |     1 |       |       ||     1
 Stab: Sleeping          |     1 |       |       ||     1
Armor: Robe              |     4 |       |       ||     4
Dodge: Dodged            |    14 |     3 |     1 ||    18

Table legend: (Time is in decaauts)
 A = Elapsed time spent in this place.
 B = Non-inter-level travel time spent in this place.
 C = Inter-level travel time spent in this place.
 D = Time resting spent in this place.
 E = Time spent auto-exploring this place.
 F = Levels seen in this place.
 G = Mean time per level.
                   A        B        C        D        E       F      G
               +--------+--------+--------+--------+--------+-----+--------+
         Total |   1667 |   1667 |      0 |   1137 |      0 |   1 | 1667.0 |
       Dungeon |   1667 |   1667 |      0 |   1137 |      0 |   1 | 1667.0 |
               +--------+--------+--------+--------+--------+-----+--------+

Top non-repeatable levels by time:
       D: 1667 daAuts
